AoeStats
← Dark Woinic

Migration

507439160Analyzed
1v1 RM · 12d ago on Sep 18, 2026· 39m 54s· 2 players
Game mode
Random Map
Map size
132×132
Population
200
Speed
Normal
Resources
Standard
Victory
Conquest
Starting age
Dark Age
Ending age
Imperial Age
RankedLock teamsTeams togetherTeam positionsShared explorationLock speedFull tech treeHidden civsTurbo modeCheats
Victory
Defeat
🇫🇷 Wu · France
992
+16
🇫🇷 Cumans · France
987
-16
WOUAP
11:59 Feudal Age
12:25 Double-Bit Axe
13:30 Gold Mining
14:57 Fletching
16:18 Padded Archer Armor
27:46 Castle Age
26:49 Horse Collar
28:38 Crossbowman
29:26 Bodkin Arrow
30:48 Stone Mining
Dark Woinic
11:16 Feudal Age
12:00 Double-Bit Axe
19:14 Castle Age
17:00 Loom
30:04 Elite Skirmisher
30:51 Fletching
39:48 Imperial Age
Connection lost

Rejoining the realm…

Still unreachable

The connection could not be restored.

Session expired

The server has moved on; the page needs a fresh start.